 Dungeon Crawl Stone Soup version 0.21-a0-538-gd16b88a (webtiles) character file.

211819 Gorice the Fencer (level 18, 0/151 HPs)
             Began as a Demonspawn Wanderer on Dec 12, 2017.
             Was a High Priest of Qazlal.
             Slain by a manticore (15 damage)
             ... on level 4 of the Shoals on Dec 15, 2017.
             The game lasted 03:39:00 (44208 turns).

Gorice the Fencer (Demonspawn Wanderer)            Turns: 44208, Time: 03:39:01

Health: 0/151      AC: 28    Str: 21    XL:     18   Next: 22%
Magic:  0/27       EV: 17    Int: 16    God:    Qazlal [*****.]
Gold:   1934       SH: 11    Dex: 14    Spells: 17/17 levels left

rFire    . . .     SeeInvis +   a - +3 great sword (elec)
rCold    + + .     Gourm    .   (shield currently unavailable)
rNeg     . . .     Faith    .   X - +2 plate armour {rC+}
rPois    +         Spirit   +   (helmet unavailable)
rElec    +         Reflect  +   t - +0 cloak
rCorr    +         Harm     .   o - +1 pair of gloves
MR       +....                  N - +0 pair of boots (curse)
Stlth    ..........             R - +5 amulet of reflection
HPRegen  0.35/turn              S - ring "Wesokhisut" {rCorr rPois Int+4 SInv}
MPRegen  0.40/turn              d - +5 ring of evasion

@: about to teleport, afraid, protected from electricity, mesmerised, repel
missiles
A: horns 3, yellow scales 2, cold resistance 1, demonic guardian 2, magic
shield, magic regeneration, magic link, freezing cloud immunity
}: 1/15 runes: gossamer
a: Upheaval, Elemental Force, Disaster Area, Renounce Religion


You were on level 4 of the Shoals.
You worshipped Qazlal.
Qazlal was extremely pleased with you.
You were very hungry.

You visited 6 branches of the dungeon, and saw 32 of its levels.
You also visited: Labyrinth and Sewer.

You collected 3231 gold pieces.
You spent 1297 gold pieces at shops.

Inventory:

Hand Weapons
 a - a +3 great sword of electrocution (weapon)
   (You took it off an orc knight on level 2 of the Orcish Mines)
Missiles
 i - 4 poisoned tomahawks
 M - 24 javelins (quivered)
 Z - 2 throwing nets
Armour
 o - a +1 pair of gloves (worn)
 t - a +0 cloak (worn)
 N - a cursed +0 pair of boots (worn)
 X - a +2 plate armour of cold resistance (worn)
   (You found it on level 6 of the Lair of Beasts)
Jewellery
 d - a +5 ring of evasion (right hand)
 v - an uncursed ring of positive energy
 R - a +5 amulet of reflection (around neck)
 S - the ring "Wesokhisut" (left hand) {rCorr rPois Int+4 SInv}
   (You bought it in a shop on level 9 of the Dungeon)

   [ring of resist corrosion]

   It affects your intelligence (+4).
   It protects you from poison.
   It lets you see invisible.
Wands
 c - a wand of disintegration (14)
 l - a wand of clouds (5)
 r - a wand of acid (4)
 s - a wand of iceblast (29)
 H - a wand of paralysis (10)
Scrolls
 h - 18 scrolls of remove curse
 u - a scroll of identify
 y - 4 scrolls of teleportation {!r}
 D - 9 scrolls of magic mapping {!r}
 E - 9 scrolls of fog
 F - 4 scrolls of blinking
Potions
 f - a potion of berserk rage
 g - 12 potions of flight
 k - 2 potions of resistance {!q}
 w - 3 potions of haste {!q}
 B - 14 potions of curing
 C - 2 potions of agility {!q}
 G - 3 potions of might {!q}
 Q - a potion of heal wounds {!q}
Miscellaneous
 j - a lightning rod (4/4) {!a}
 T - 2 sacks of spiders
 V - 2 boxes of beasts
Comestibles
 n - 18 royal jellies


   Skills:
 - Level 16.0 Fighting
 * Level 17.4 Long Blades
 - Level 16.0 Armour
 + Level 8.9 Dodging
 - Level 2.6 Stealth
 - Level 12.0 Invocations
 - Level 1.0 Evocations


You had 17 spell levels left.
You didn't know any spells.

Dungeon Overview and Level Annotations

Branches:
Dungeon (15/15)            Temple (1/1) D:7            Lair (6/6) D:10
 Shoals (4/4) Lair:2       Spider (4/4) Lair:2        Slime (0/5) Lair:5
    Orc (2/2) D:9             Elf (0/3) Orc:2        Vaults (0/5) D:13
 Depths (0/5) D:15

Altars:
Ashenzari
Cheibriados
Dithmenos
Elyvilon
Fedhas
Gozag
Hepliaklqana
Kikubaaqudgha
Makhleb
Nemelex Xobeh
Okawaru
Qazlal
Ru
Sif Muna
Trog
Uskayaw
Vehumet
Wu Jian
Xom
Yredelemnul
Zin
The Shining One
Beogh

Shops:
D:9 =   Orc:1 }   Orc:2 [:**

Annotations:
D:8 vpUX: 2 statue guarding loot, exclusions: ice statue and orange crystal statue
D:15 1 runed door
Lair:1 vpUX: Oklob vault, exclusion: oklob plant


Innate Abilities, Weirdness & Mutations

You have a pair of large horns on your head.
You are mostly covered in yellow scales. (AC +3)
Your flesh is cold resistant. (rC+)
A demonic guardian rushes to your aid.
When hurt, damage is shared between your health and your magic reserves.
You regenerate magic rapidly.
When low on magic, you restore magic in place of health.
You are immune to freezing clouds.


Message History

The merfolk aquamancer hits you but does no damage.
Your resistance to physical damage fades away.
You feel protected from electricity.
You are electrocuted!
* * * LOW HITPOINT WARNING * * *
The merfolk javelineer throws a javelin.
The javelin misses you.
The javelin hits the plant!!
Damage: 26 (max 41) Unknown command.
Unknown command.
Unknown command.
Really quaff
Q - 3 potions of heal wounds {!q}?
You feel much better.
The manticore flicks its tail.
The volley of spikes hits you!
The merfolk impaler hits you but does no damage.
You writhe in agony.
* * * LOW HITPOINT WARNING * * *
The merfolk javelineer hits you but does no damage.
The harpy claws you but does no damage. x2; Your soul eater hits the manticore.
Your soul eater drains the manticore!
The alligator snapping turtle closely misses you.
The satyr shoots an arrow.
The arrow hits you!
* * * LOW HITPOINT WARNING * * *
The merfolk javelineer throws a javelin.
The javelin hits you!!
* * * LOW HITPOINT WARNING * * *
You block the merfolk impaler's attack.
Damage: 12 (max 41) Unknown command.
Unknown command.
Unknown command.
Unknown command.
Unknown command.
Really quaff
Q - 2 potions of heal wounds {!q}?
You feel much better.
You hear a shout! x3
You block the harpy's attack. x2
The merfolk aquamancer casts a spell at you.
The ball of steam hits you!
* * * LOW HITPOINT WARNING * * *
The ball of steam hits the plant.
The merfolk javelineer closely misses you.
Your soul eater hits the alligator snapping turtle but does no damage.
The merfolk impaler misses you.
You riposte.
You miss the merfolk impaler. You headbutt the merfolk impaler!
The merfolk impaler is lightly wounded.
The merfolk avatar chants its luring song.
The manticore bites you!
You die...

.............≈≈≈≈
!............≈≈≈≈
.....).......≈≈≈≈
.......m.....≈≈≈≈
.............≈≈≈≈
......3...P.(≈≈≈≈
≈≈..)..tc§.PP≈≈≈≈
≈≈m≈.mmH§§PPP.≈≈≈
≈≈≈≈≈.m@.§PP..≈≈≈
≈≈≈≈≈.mH.P.P.≈≈≈≈
≈≈≈≈≈§.†§§..P≈≈≈≈
≈≈≈≈.....PPP.P≈≈≈
≈≈≈..P..PPPP≈≈≈≈≈
≈≈≈≈......≈≈≈≈≈≈≈
≈≈≈........≈≈≈≈≈≈
≈≈........P≈≈≈≈≈
#≈........P.≈≈≈≈


You could see an alligator snapping turtle, a merfolk avatar, a merfolk impaler,
2 merfolk javelineers, a satyr, 2 merfolk aquamancers, a manticore, a harpy and
a friendly soul eater.

Vanquished Creatures
  Asterion (Lair:2)
  The ghost of damezumari the Severer, an adept MiFi of Okawaru (Shoals:2)
  2 krakens
  3 emperor scorpions (Spider:4)
  7 ghost moths
  A ghoul (D:14)
  3 entropy weavers
  A stone giant (Orc:2)
  Azrael (Orc:2)
  3 spark wasps (Spider:4)
  A merfolk javelineer (Shoals:3)
  2 ogre magi
  Josephine (Orc:1)
  A minotaur (Lab)
  A yaktaur captain (D:15)
  A merfolk impaler (Shoals:1)
  The ghost of nono the Fighter, a journeyman BaFi of Wu Jian (Lab)
  3 merfolk avatars
  A rakshasa (D:14)
  9 hydras
  3 catoblepae (Lair:6)
  2 merfolk aquamancers (Shoals:3)
  The ghost of Feta the Cruncher, a journeyman FoFi of Okawaru (D:11)
  13 two-headed ogres
  An alligator snapping turtle (Shoals:3)
  6 centaur warriors
  A tengu warrior (D:14)
  Nergalle (D:12)
  14 death yaks
  7 skeletal warriors
  2 unseen horrors (D:13)
  6 sea snakes
  A wizard (D:14)
  20 harpies
  11 orc knights
  2 oklob plants (D:12)
  22 wolf spiders
  14 orb spiders
  14 manticores
  9 ugly things
  5 cyclopes
  A deep elf mage (D:13)
  3 moths of wrath
  3 fauns (Shoals:1)
  6 merfolk sirens
  Maurice (D:12)
  Joseph (D:7)
  9 elephants
  6 black mambas
  3 centaur zombies
  12 spiny frogs
  7 centaur skeletons
  7 water nymphs
  A gargoyle (D:14)
  2 torpor snails
  7 komodo dragons
  3 kobold demonologists
  18 demonic crawlers
  2 yaktaurs (D:15)
  32 jumping spiders
  A guardian mummy (D:14)
  6 meliai
  A harpy zombie (D:14)
  8 trolls
  2 tengu conjurers
  8 hornets
  The ghost of teukkam the Insei, an amateur GnWn (D:5)
  7 merfolk
  4 wind drakes
  A meliai zombie (D:14)
  8 dream sheep
  9 hippogriffs
  7 slime creatures
  3 snapping turtles
  29 blink frogs
  32 tarantellas
  Sigmund (D:4)
  9 water elementals
  61 redbacks
  2 wraiths (Orc:1)
  54 yaks
  A vampire (D:9)
  4 wyverns
  2 fire elementals (Orc:2)
  The ghost of kiturien the Skirmisher, an amateur DrAK of Lugonu (Sewer)
  Grum (D:11)
  A two-headed ogre zombie (D:9)
  A hungry ghost (D:9)
  2 acid dragons
  6 wargs
  13 water moccasins
  12 porcupines
  2 hell hounds (Orc:2)
  28 orc warriors
  3 sky beasts
  A phantom (D:9)
  3 black bears
  2 necrophages
  2 eyes of draining
  19 ogres
  A boggart (D:13)
  18 wolves
  11 centaurs
  8 crocodiles
  2 big kobolds
  19 bullfrogs
  A gnoll sergeant (D:8)
  5 scorpions
  A wyvern skeleton (D:14)
  3 troll zombies (D:9)
  16 wights
  7 killer bees
  3 electric eels
  5 howler monkeys
  7 crimson imps
  3 bullfrog zombies
  7 hounds
  7 orc priests
  21 jellies
  Jessica (D:3)
  4 bullfrog skeletons
  2 iguanas
  19 orc wizards
  6 worker ants
  9 hell rats
  4 ogre zombies (D:9)
  A hound zombie (D:6)
  4 mummies (D:14)
  13 gnolls
  20 adders
  11 river rats
  3 shadow imps
  11 white imps (Lair:6)
  9 oozes
  3 adder zombies
  6 worms
  3 dart slugs
  6 leopard geckos
  60 orcs
  5 bats
  4 giant cockroaches
  3 hobgoblins
  12 jackals
  22 kobolds
  7 quokkas
  12 ball pythons
  6 frilled lizards
  12 goblins
  3 goblin skeletons (D:9)
  4 goblin zombies (D:9)
  A hobgoblin zombie (D:9)
  5 orc skeletons (D:9)
  9 orc zombies (D:9)
  A quokka skeleton (D:6)
  33 rats
  3 plants
  6 tentacles
  A withered plant (D:14)
1170 creatures vanquished.

Vanquished Creatures (collateral kills)
  A hydra (Lair:4)
  A catoblepas (Lair:5)
  A death yak (Lair:5)
  A sea snake (Shoals:1)
  2 harpies (Shoals:1)
  5 orb spiders
  6 wolf spiders
  A cyclops (D:15)
  A manticore (D:12)
  A komodo dragon (Lair:2)
  2 merfolk
  5 jumping spiders
  A hornet (Spider:2)
  2 dream sheep (Shoals:2)
  2 blink frogs (Lair:6)
  3 wraiths (Orc:1)
  9 redbacks
  2 water elementals (Shoals:3)
  4 yaks
  The ghost of Amnesiac the Skirmisher, an amateur DEFi (D:4)
  An orc warrior (D:10)
  A phantom (D:8)
  A wolf (Lair:3)
  3 bullfrogs
  A big kobold (D:13)
  A killer bee (D:8)
  A white imp (Lair:6)
  An ooze (D:3)
  An orc (Orc:2)
  2 ball pythons (Sewer)
  A frilled lizard (Sewer)
  A kobold (D:12)
  3 orc zombies (D:9)
69 creatures vanquished.

Vanquished Creatures (others)
  A wind drake (Shoals:3)
  A redback (Spider:3)
  An orc priest (Orc:2)
  An orc (Orc:2)
  21 fungi
  51 plants
  22 tentacles
  8 toadstools (D:3)
106 creatures vanquished.

Grand Total: 1345 creatures vanquished

Notes
Turn   | Place    | Note
-------+----------+-------------------------------------------
     0 | D:1      | Gorice the Demonspawn Wanderer began the quest for the Orb.
     0 | D:1      | Gorice set off with: a wand of flame (15), a +0 short sword, a +0 falchion, a +0 robe, a +0 dagger, a bread ration {!e}
     0 | D:1      | Reached XP level 1. HP: 18/18 MP: 1/1
   358 | D:1      | Gained mutation: When hurt, damage is shared between your health and your magic reserves. [demonic ancestry]
   358 | D:1      | Reached XP level 2. HP: 18/24 MP: 2/2
   446 | D:1      | Reached skill level 2 in Long Blades
  1007 | D:2      | Gained mutation: You have a pair of small horns on your head. [demonic ancestry]
  1007 | D:2      | Reached XP level 3. HP: 19/29 MP: 3/3
  1168 | D:2      | HP: 7/29 [worm (8)]
  1188 | D:2      | Reached skill level 3 in Long Blades
  1721 | D:2      | Gained mutation: A weak demonic guardian rushes to your aid. [demonic ancestry]
  1721 | D:2      | Reached XP level 4. HP: 23/35 MP: 4/4
  1978 | D:2      | Reached skill level 4 in Long Blades
  2238 | D:2      | Reached skill level 1 in Armour
  2714 | D:3      | Reached XP level 5. HP: 35/41 MP: 3/5
  3059 | D:3      | Reached skill level 5 in Long Blades
  3059 | D:3      | Reached skill level 2 in Armour
  3059 | D:3      | Gained mutation: You regenerate magic rapidly. [demonic ancestry]
  3059 | D:3      | Reached XP level 6. HP: 29/47 MP: 4/6
  3375 | D:3      | Noticed Jessica
  3381 | D:3      | Killed Jessica
  3744 | D:4      | Noticed Amnesiac's ghost (amateur DEFi)
  3829 | D:4      | Found a shattered altar of Ashenzari.
  3952 | D:4      | Found a glowing drain.
  3959 | Sewer    | Entered a sewer
  4608 | Sewer    | Noticed kiturien's ghost (amateur DrAK)
  4632 | Sewer    | Reached skill level 6 in Long Blades
  4632 | Sewer    | Reached skill level 3 in Armour
  4632 | Sewer    | Gained mutation: When low on magic, you restore magic in place of health. [demonic ancestry]
  4632 | Sewer    | Reached XP level 7. HP: 34/52 MP: 5/7
  4842 | Sewer    | Killed kiturien's ghost
  5011 | D:4      | Killed Amnesiac's ghost
  5011 | D:4      | Reached skill level 7 in Long Blades
  5011 | D:4      | Reached skill level 4 in Armour
  5250 | D:4      | Noticed Sigmund
  5269 | D:4      | Killed Sigmund
  5269 | D:4      | Reached XP level 8. HP: 34/58 MP: 4/8
  6150 | D:5      | Entered Level 5 of the Dungeon
  6392 | D:5      | Reached skill level 8 in Long Blades
  6804 | D:5      | Noticed teukkam's ghost (amateur GnWn)
  6829 | D:5      | Killed teukkam's ghost
  6829 | D:5      | Reached skill level 5 in Armour
  7276 | D:6      | Found a bloodstained altar of Trog.
  8148 | D:7      | Noticed a hippogriff
  8168 | D:6      | Reached skill level 9 in Long Blades
  8174 | D:6      | Killed a hippogriff
  8174 | D:6      | Gained mutation: You have a pair of horns on your head. [demonic ancestry]
  8174 | D:6      | Reached XP level 9. HP: 40/63 MP: 9/9
  8293 | D:7      | Found a staircase to the Ecumenical Temple.
  8440 | Temple   | Entered the Ecumenical Temple
  8501 | Temple   | Became a worshipper of Qazlal Stormbringer
  8679 | D:7      | Reached skill level 6 in Armour
  8708 | D:7      | Noticed Joseph
  9661 | D:7      | Killed Joseph
  9661 | D:7      | Reached skill level 10 in Long Blades
  9876 | D:8      | Noticed an orange crystal statue
  9944 | D:8      | Reached * piety under Qazlal
 10108 | D:8      | Reached skill level 7 in Armour
 10594 | D:8      | Gained mutation: Your flesh is cold resistant. (rC+) [demonic ancestry]
 10594 | D:8      | Reached XP level 10. HP: 70/70 MP: 10/10
 10712 | D:8      | Reached skill level 11 in Long Blades
 10780 | D:8      | Noticed an ice statue
 11111 | D:9      | You fall through a shaft!
 11111 | D:10     | Entered Level 10 of the Dungeon
 11130 | D:10     | Noticed a two-headed ogre
 11165 | D:9      | Reached ** piety under Qazlal
 11182 | D:9      | Noticed a two-headed ogre
 11194 | D:9      | Killed a two-headed ogre
 11199 | D:9      | HP: 21/70 [two-headed ogre zombie (4)]
 11204 | D:9      | Reached skill level 8 in Armour
 11468 | D:9      | Found Miarr's Jewellery Shop.
 11593 | D:9      | Found a staircase to the Orcish Mines.
 11806 | D:9      | Reached skill level 12 in Long Blades
 11882 | D:9      | Reached *** piety under Qazlal
 12065 | Orc:1    | Entered Level 1 of the Orcish Mines
 12116 | Orc:1    | Found Borghac's Gadget Emporium.
 12116 | Orc:1    | Noticed Josephine
 12233 | Orc:1    | Killed Josephine
 12252 | Orc:1    | Gained mutation: You are partially covered in yellow scales. (AC +2) [demonic ancestry]
 12252 | Orc:1    | Reached XP level 11. HP: 33/75 MP: 11/11
 12970 | D:9      | Bought the ring "Wesokhisut" {rCorr rPois Int+4 SInv} for 525 gold pieces
 13057 | D:10     | Killed a two-headed ogre
 13082 | D:10     | Reached skill level 9 in Armour
 13327 | D:10     | Noticed a death yak
 13331 | D:10     | Noticed a death yak
 13331 | D:10     | Noticed a death yak
 13348 | D:9      | Killed a death yak
 13348 | D:9      | Reached skill level 13 in Long Blades
 13509 | D:9      | HP: 19/75 [death yak (10)]
 13510 | D:9      | Killed a death yak
 13871 | D:9      | Killed a death yak
 14000 | D:10     | Found a staircase to the Lair.
 14080 | D:10     | Found a sacrificial altar of Ru.
 14274 | D:10     | Found a snail-covered altar of Cheibriados.
 14370 | Lair:1   | Entered Level 1 of the Lair of Beasts
 14456 | Lair:1   | Noticed an oklob plant
 14897 | Lair:1   | Reached **** piety under Qazlal
 14964 | Lair:1   | Reached skill level 10 in Armour
 15266 | Lair:2   | Found a hole to the Spider Nest.
 15560 | Lair:2   | Reached skill level 14 in Long Blades
 15749 | Lair:2   | Gained mutation: You have a pair of large horns on your head. [demonic ancestry]
 15749 | Lair:2   | Reached XP level 12. HP: 80/81 MP: 12/12
 15867 | Lair:2   | Found a staircase to the Shoals.
 16031 | Lair:2   | Reached skill level 4 in Fighting
 16290 | Lair:2   | Identified a scroll of acquirement
 16387 | Lair:2   | Reached skill level 11 in Armour
 16701 | Lair:2   | Reached skill level 5 in Fighting
 16936 | Lair:3   | Reached skill level 6 in Fighting
 17238 | Lair:3   | Reached skill level 7 in Fighting
 17519 | Lair:3   | Reached skill level 12 in Armour
 17973 | Lair:4   | Reached ***** piety under Qazlal
 18231 | Lair:4   | Noticed a four-headed hydra
 18240 | Lair:4   | Killed a four-headed hydra
 18307 | Lair:4   | Reached skill level 8 in Fighting
 18369 | Lair:4   | Noticed an eight-headed hydra
 18382 | Lair:4   | Killed an eight-headed hydra
 18517 | Lair:4   | Gained mutation: You are immune to freezing clouds. [demonic ancestry]
 18517 | Lair:4   | Reached XP level 13. HP: 86/98 MP: 13/13
 18806 | Lair:4   | Got a steaming dagger
 18895 | Lair:4   | Identified the +1 dagger "Killer Klown's Bane" {flame, MR+ Int+4 Dex+2} (You found it on level 4 of the Lair of Beasts)
 19049 | D:9      | Bought a +5 ring of evasion for 660 gold pieces
 19442 | Lair:5   | Reached skill level 9 in Fighting
 19631 | Lair:5   | Upgraded the game from 0.21-a0-531-gacddea6 to 0.21-a0-536-gdbbf329
 19643 | Lair:5   | Found a staircase to the Slime Pits.
 20042 | Lair:6   | Entered Level 6 of the Lair of Beasts
 20208 | Lair:6   | Reached skill level 13 in Armour
 20261 | Lair:6   | HP: 11/103 [blink frog (27)]
 20281 | Lair:5   | Reached skill level 10 in Fighting
 21123 | Lair:6   | HP: 31/104 [yak (3)]
 21139 | Lair:5   | HP: 27/104 [something/blast of calcifying dust (1)]
 21692 | Lair:6   | Reached skill level 11 in Fighting
 22119 | Lair:6   | Reached XP level 14. HP: 113/113 MP: 14/14
 22589 | Lair:6   | Reached skill level 14 in Armour
 22603 | Lair:6   | Reached ****** piety under Qazlal
 23062 | Lair:6   | Reached skill level 1 in Invocations
 23083 | Lair:6   | Reached skill level 2 in Invocations
 23429 | Lair:6   | Reached skill level 3 in Invocations
 23910 | Orc:2    | Entered Level 2 of the Orcish Mines
 23919 | Orc:2    | Noticed a stone giant
 23945 | Orc:2    | Killed a stone giant
 23945 | Orc:2    | Reached skill level 12 in Fighting
 23980 | Orc:2    | Found a labyrinth entrance.
 23992 | Lab      | Entered a labyrinth
 24461 | Lab      | Noticed nono's ghost (journeyman BaFi)
 24510 | Lab      | Killed nono's ghost
 24730 | Lab      | Reached skill level 4 in Invocations
 24790 | Lab      | --well that was one of the crappiest Labs ever!
 24909 | Orc:2    | Found a roughly hewn altar of Beogh.
 24934 | Orc:2    | Found a staircase to the Elven Halls.
 25462 | Orc:2    | Reached skill level 5 in Invocations
 25556 | Orc:2    | Noticed Azrael
 25577 | Orc:2    | Killed Azrael
 25770 | Orc:2    | Found Xixuol's Book Shop.
 25770 | Orc:2    | Found Othoin's Armour Emporium.
 25797 | Orc:2    | Reached skill level 6 in Invocations
 25978 | Orc:2    | Found a roughly hewn altar of Beogh.
 26271 | Orc:2    | Found Keschy's General Store.
 26271 | Orc:2    | Found Senkuwah's Assorted Antiques.
 26295 | Orc:2    | Bought a scroll of blinking for 112 gold pieces
 26907 | D:11     | Reached skill level 7 in Invocations
 26932 | D:11     | Noticed Feta's ghost (journeyman FoFi)
 26956 | D:11     | Killed Feta's ghost
 27000 | D:11     | Got a wavering golden amulet
 27001 | D:11     | Identified the amulet "Qauvvo Bazai" {Harm *Drain Str+2 Stlth+} (You found it on level 11 of the Dungeon)
 27039 | D:11     | Noticed Grum
 27051 | D:11     | Killed Grum
 27494 | D:11     | Reached skill level 15 in Armour
 27632 | D:12     | Gained mutation: You are mostly covered in yellow scales. (AC +3) [demonic ancestry]
 27632 | D:12     | Reached XP level 15. HP: 99/122 MP: 16/20
 27661 | D:12     | Reached skill level 13 in Fighting
 27740 | D:12     | Reached skill level 8 in Invocations
 27792 | D:12     | Found a blossoming altar of Fedhas.
 27849 | D:12     | Noticed Nergalle
 27861 | D:12     | Killed Nergalle
 28117 | D:12     | Noticed Maurice
 28127 | D:12     | Killed Maurice
 28646 | D:13     | Found a shadowy altar of Dithmenos.
 28652 | D:13     | Reached skill level 9 in Invocations
 28894 | D:13     | Paralysed by an ogre mage for 5 turns
 28985 | D:13     | Found a gate to the Vaults.
 29432 | D:14     | Reached skill level 10 in Invocations
 30124 | D:14     | Reached skill level 14 in Fighting
 30162 | D:14     | Reached skill level 11 in Invocations
 30514 | D:14     | Found a sacrificial altar of Ru.
 30717 | D:15     | Entered Level 15 of the Dungeon
 31026 | D:15     | Gained mutation: A demonic guardian rushes to your aid. [demonic ancestry]
 31026 | D:15     | Reached XP level 16. HP: 126/133 MP: 24/24
 31047 | D:15     | Reached skill level 16 in Armour
 31641 | D:15     | Reached skill level 12 in Invocations
 31715 | D:15     | Found a runed door.
 31726 | D:15     | Found a glowing silver altar of Zin.
 31804 | D:15     | Found a staircase to the Depths.
 32447 | Spider:1 | Entered Level 1 of the Spider Nest
 32587 | Spider:1 | Noticed Asterion
 33106 | Spider:1 | Noticed an Executioner
 33118 | Lair:2   | Reached skill level 15 in Fighting
 33382 | Lair:2   | Killed Asterion
 34654 | Spider:2 | Reached skill level 15 in Long Blades
 35595 | Spider:2 | You fall through a shaft!
 35651 | Spider:3 | Reached skill level 16 in Fighting
 35669 | Spider:3 | Upgraded the game from 0.21-a0-536-gdbbf329 to 0.21-a0-538-gd16b88a
 35864 | Spider:3 | Reached skill level 2 in Dodging
 36307 | Spider:3 | Reached XP level 17. HP: 144/144 MP: 26/26
 36386 | Spider:3 | Reached skill level 3 in Dodging
 37034 | Spider:4 | Entered Level 4 of the Spider Nest
 37652 | Spider:3 | Reached skill level 4 in Dodging
 38431 | Spider:4 | Reached skill level 5 in Dodging
 38503 | Spider:4 | Reached skill level 16 in Long Blades
 38664 | Spider:3 | HP: 42/144 [poisoned by a redback]
 38669 | Spider:3 | HP: 39/144 [poisoned by a redback]
 38674 | Spider:3 | HP: 35/144 [poisoned by a redback]
 38680 | Spider:3 | HP: 34/144 [poisoned by a redback]
 38688 | Spider:3 | HP: 34/144 [poisoned by a redback]
 38696 | Spider:3 | HP: 35/144 [poisoned by a redback]
 39212 | Spider:4 | Reached skill level 6 in Dodging
 40043 | Spider:4 | Got a gossamer rune of Zot
 40254 | Shoals:1 | Entered Level 1 of the Shoals
 40278 | Shoals:1 | Reached skill level 7 in Dodging
 41140 | Shoals:1 | Found a bloodstained altar of Trog.
 41144 | Shoals:1 | Noticed a kraken
 41181 | Shoals:1 | Killed a kraken
 41946 | Shoals:2 | Noticed damezumari's ghost (adept MiFi)
 41960 | Shoals:2 | Killed damezumari's ghost
 41960 | Shoals:2 | Reached skill level 8 in Dodging
 42598 | Shoals:3 | HP: 39/144 [alligator snapping turtle (6)]
 42603 | Shoals:3 | HP: 32/144 [alligator snapping turtle (1)]
 42951 | Shoals:3 | Reached skill level 17 in Long Blades
 42990 | Shoals:3 | Reached XP level 18. HP: 119/151 MP: 27/27
 44027 | Shoals:4 | Entered Level 4 of the Shoals
 44205 | Shoals:4 | HP: 42/151 [merfolk aquamancer/rapier of electrocution (10)]
 44206 | Shoals:4 | HP: 13/151 [merfolk aquamancer/rapier of electrocution (15)]
 44207 | Shoals:4 | HP: 1/151 [merfolk javelineer/javelin (18)]
 44208 | Shoals:4 | Slain by a manticore

Vault maps used:
D:1:      dpeg_arrival_rooms_b, minmay_misc_feat_square
D:3:      cheibrodos_fertilizer, grunt_decor_cap, uniq_jessica
D:4:      ashenzari_altar_1, portal_sewer_entry_e, uniq_sigmund
D:5:      first_bread
D:6:      grunt_ministairs_9, lemuel_statue_altar
D:7:      minmay_temple_entry_purple_smoke, uniq_joseph
D:8:      minmay_separated_statues, grunt_ogre_cave
D:9:      zombieorc2_lemuel, serial_shops, nicolae_shop_stone
D:10:     dpeg_lair_monsters, serial_glass, glass_columns_a, glass_columns_b,
          basic_altar, kennysheep_flooded_box
D:11:     kennysheep_pointless_box, uniq_grum
D:12:     minmay_misc_feat_x, hangedman_tree_tricks, kennysheep_windowed_goal,
          uniq_maurice, uniq_nergalle
D:13:     hangedman_vaults_entry_quadrant_bands, grunt_dithmenos_smoke
D:14:     serial_undead, serial_undead_b, serial_undead_e, serial_undead_c,
          serial_undead_e, hangedman_abyss_or_decor_clamps,
          nicolae_ru_the_path_less_chosen
D:15:     grunt_enter_depths_snipers, serial_bayou_lagoon_a, lemuel_angel_altar
Temple:   compressed_dpeg_circular_temple
Lair:1:   minivault_11, serial_bayou_pond_e, minmay_lair_oklob_chamber
Lair:2:   minmay_shoals_entry_beasts, spider_nest_entry_a
Lair:3:   guppyfry_lair_drakes, grunt_megastairs_1
Lair:5:   minmay_slime_entry_jelly_boxes
Lair:6:   evilmike_catoblepas_cave, portal_ice_cave_entry_imps,
          hangedman_lair_unloving_vines
Shoals:1: wheals_shoals_ruined_temple
Shoals:3: nicolae_shoals_kraken_intersection
Shoals:4: shoals_end_hangedman, shoals_ilsuiw_alternative, serial_shops, shop,
          nicolae_shoals_this_corrosion
Spider:1: uniq_asterion
Spider:3: nicolae_spider_cling_ruins
Spider:4: spider_rune_water
Orc:1:    serial_shops, shop, uniq_josephine
Orc:2:    st_orc_town, basic_altar, lab_entry_generic, minmay_orc_keep,
          uniq_azrael
Lab:      lab_hedge
Sewer:    sewer_minmay_w

Skill      XL: |  1  2  3  4  5  6  7  8  9 10 11 12 13 14 15 16 17 |
---------------+----------------------------------------------------+-----
Long Blades    | 2 3 4 5 6 7 9 10 12 14 15 17 | 17.4
Armour         | 1 2 3 4 5 7 8 10 12 13 15 16 | 16.0
Fighting       | 8 11 12 14 16 | 16.0
Invocations    | 7 11 12 | 12.0
Dodging        | 2 8 |  8.9
Stealth        | |  2.6
Evocations     | |  1.0

Action                   |  1- 3 |  4- 6 |  7- 9 | 10-12 | 13-15 | 16-18 || total
-------------------------+-------+-------+-------+-------+-------+-------++-------
Melee: Falchion          |    89 |   278 |   241 |       |       |       ||   608
       Headbutt          |    13 |    43 |    72 |   158 |   402 |   275 ||   963
       Scimitar          |       |       |   170 |   705 |  1479 |   706 ||  3060
       Great sword       |       |       |       |       |       |   362 ||   362
 Fire: Hunting sling     |       |    44 |    80 |   240 |   128 |       ||   492
Throw: Tomahawk          |    12 |    21 |    24 |     6 |     2 |     3 ||    68
       Stone             |       |       |     2 |       |       |       ||     2
       Javelin           |       |       |       |       |     8 |    26 ||    34
       Throwing net      |       |       |       |       |       |     1 ||     1
Invok: Upheaval          |       |       |       |     1 |     4 |    24 ||    29
Evoke: Wand              |       |       |    14 |     2 |     2 |     2 ||    20
  Use: Scroll            |     2 |    11 |     6 |     7 |    12 |     6 ||    44
       Potion            |       |       |       |       |       |     6 ||     6
 Stab: Sleeping          |     6 |       |       |       |       |       ||     6
       Distracted        |       |     1 |     1 |    11 |     7 |     3 ||    23
       Paralysed         |       |       |     7 |     7 |       |       ||    14
  Eat: Chunk             |     3 |    27 |    19 |    33 |    42 |    32 ||   156
       Royal jelly       |       |       |       |       |       |     1 ||     1
Armor: Robe              |    10 |     3 |       |       |       |       ||    13
       Chain mail        |       |   178 |   246 |   115 |       |       ||   539
       Plate armour      |       |       |       |   201 |   495 |   892 ||  1588
Dodge: Dodged            |    45 |   145 |   175 |   145 |   417 |   771 ||  1698
       Deflected         |       |       |       |       |    19 |    17 ||    36
Block: Other             |       |       |     3 |    23 |       |   330 ||   356
       Buckler           |       |       |       |   210 |   804 |   601 ||  1615
       Reflection        |       |       |       |       |       |     9 ||     9
       Rpst.: Falchion   |    14 |    39 |    16 |       |       |       ||    69
       Scimitar          |       |       |    21 |    37 |   116 |    78 ||   252
       Great sword       |       |       |       |       |       |    61 ||    61

Table legend:
 A = Spawn XP
 B = Non-spawn XP
 C = Spawn XP percentage of total XP
 D = Spawn monster count
 E = Non-spawn monster count
 F = Spawn count percentage of total count
 G = Total turns spent on level
                    A         B        C        D         E        F      G
               +---------+---------+-------+---------+---------+-------+---------
         Total |       0 |  309549 |   0.0 |       0 |    1231 |   0.0 | 44208
               +---------+---------+-------+---------+---------+-------+---------
           D:1 |       0 |      47 |   0.0 |       0 |      19 |   0.0 |  1436
           D:2 |       0 |     136 |   0.0 |       0 |      34 |   0.0 |  1261
           D:3 |       0 |     303 |   0.0 |       0 |      45 |   0.0 |  1099
           D:4 |       0 |     821 |   0.0 |       0 |      23 |   0.0 |  1462
           D:5 |       0 |     532 |   0.0 |       0 |      16 |   0.0 |  1025
           D:6 |       0 |     984 |   0.0 |       0 |      29 |   0.0 |  1560
           D:7 |       0 |    1196 |   0.0 |       0 |      21 |   0.0 |  1003
           D:8 |       0 |    1619 |   0.0 |       0 |      28 |   0.0 |  1188
           D:9 |       0 |    4992 |   0.0 |       0 |      56 |   0.0 |  1679
          D:10 |       0 |    4063 |   0.0 |       0 |      20 |   0.0 |  1142
          D:11 |       0 |    5701 |   0.0 |       0 |      24 |   0.0 |   779
          D:12 |       0 |    9681 |   0.0 |       0 |      42 |   0.0 |   974
          D:13 |       0 |   16997 |   0.0 |       0 |      57 |   0.0 |  1176
          D:14 |       0 |   17399 |   0.0 |       0 |      47 |   0.0 |  1369
          D:15 |       0 |   19691 |   0.0 |       0 |      41 |   0.0 |  1108
        Lair:1 |       0 |    3423 |   0.0 |       0 |      17 |   0.0 |  1343
        Lair:2 |       0 |   22228 |   0.0 |       0 |      62 |   0.0 |  3751
        Lair:3 |       0 |    7236 |   0.0 |       0 |      34 |   0.0 |   988
        Lair:4 |       0 |    5050 |   0.0 |       0 |      18 |   0.0 |  1354
        Lair:5 |       0 |   11188 |   0.0 |       0 |      52 |   0.0 |  1834
        Lair:6 |       0 |   26380 |   0.0 |       0 |      90 |   0.0 |  2394
      Shoals:1 |       0 |   17829 |   0.0 |       0 |      32 |   0.0 |  1349
      Shoals:2 |       0 |    6244 |   0.0 |       0 |      14 |   0.0 |   908
      Shoals:3 |       0 |   21453 |   0.0 |       0 |      40 |   0.0 |  1046
      Shoals:4 |       0 |    4393 |   0.0 |       0 |       8 |   0.0 |    51
      Spider:1 |       0 |    8466 |   0.0 |       0 |      29 |   0.0 |   622
      Spider:2 |       0 |   19068 |   0.0 |       0 |      41 |   0.0 |  1447
      Spider:3 |       0 |   20637 |   0.0 |       0 |      58 |   0.0 |  2383
      Spider:4 |       0 |   31415 |   0.0 |       0 |      76 |   0.0 |  1847
         Orc:1 |       0 |    3927 |   0.0 |       0 |      24 |   0.0 |  1248
         Orc:2 |       0 |   13937 |   0.0 |       0 |      83 |   0.0 |  1573
           Lab |       0 |    2043 |   0.0 |       0 |       2 |   0.0 |   799
         Sewer |       0 |     470 |   0.0 |       0 |      49 |   0.0 |   930
               +---------+---------+-------+---------+---------+-------+---------

Table legend:
 A = Turns spent in this place as a percentage of turns spent in the entire game.
 B = Non-inter-level travel turns spent in this place as a percentage of non-inter-level travel turns spent in the entire game.
 C = Inter-level travel turns spent in this place as a percentage of turns spent in this place.
 D = Turns resting spent in this place as a percentage of non-inter-level travel turns spent in this place.
 E = Turns spent auto-exploring this place as a percentage of non-inter-level travel turns spent in this place.
 F = Non-inter-level travel turns spent in this place divided by the number of levels of this place that you've seen.
                   A       B       C       D       E      F
               +-------+-------+-------+-------+-------+----------------------
         Total | 100.0 | 100.0 |   6.3 |  28.9 |  31.9 | 1218.4
       Dungeon |  41.3 |  41.2 |   6.5 |  21.1 |  42.2 | 1138.1
        Temple |   0.2 |   0.2 |  21.2 |   0.0 |   0.0 |  63.0
          Lair |  26.4 |  26.0 |   7.6 |  37.0 |  27.2 | 1795.8
        Shoals |   7.6 |   7.6 |   6.7 |  31.5 |  33.4 | 782.0
   Spider Nest |  14.2 |  14.3 |   5.7 |  37.7 |  26.9 | 1484.5
  Orcish Mines |   6.4 |   6.6 |   3.5 |  27.9 |  16.2 | 1361.0
     Labyrinth |   1.8 |   1.9 |   0.0 |   0.6 |   0.0 | 799.0
         Sewer |   2.1 |   2.2 |   0.0 |  41.8 |   0.5 | 930.0
               +-------+-------+-------+-------+-------+----------------------

Vault maps used:
D:1:      dpeg_arrival_rooms_b, minmay_misc_feat_square
D:3:      cheibrodos_fertilizer, grunt_decor_cap, uniq_jessica
D:4:      ashenzari_altar_1, portal_sewer_entry_e, uniq_sigmund
D:5:      first_bread
D:6:      grunt_ministairs_9, lemuel_statue_altar
D:7:      minmay_temple_entry_purple_smoke, uniq_joseph
D:8:      minmay_separated_statues, grunt_ogre_cave
D:9:      zombieorc2_lemuel, serial_shops, nicolae_shop_stone
D:10:     dpeg_lair_monsters, serial_glass, glass_columns_a, glass_columns_b,
          basic_altar, kennysheep_flooded_box
D:11:     kennysheep_pointless_box, uniq_grum
D:12:     minmay_misc_feat_x, hangedman_tree_tricks, kennysheep_windowed_goal,
          uniq_maurice, uniq_nergalle
D:13:     hangedman_vaults_entry_quadrant_bands, grunt_dithmenos_smoke
D:14:     serial_undead, serial_undead_b, serial_undead_e, serial_undead_c,
          serial_undead_e, hangedman_abyss_or_decor_clamps,
          nicolae_ru_the_path_less_chosen
D:15:     grunt_enter_depths_snipers, serial_bayou_lagoon_a, lemuel_angel_altar
Temple:   compressed_dpeg_circular_temple
Lair:1:   minivault_11, serial_bayou_pond_e, minmay_lair_oklob_chamber
Lair:2:   minmay_shoals_entry_beasts, spider_nest_entry_a
Lair:3:   guppyfry_lair_drakes, grunt_megastairs_1
Lair:5:   minmay_slime_entry_jelly_boxes
Lair:6:   evilmike_catoblepas_cave, portal_ice_cave_entry_imps,
          hangedman_lair_unloving_vines
Shoals:1: wheals_shoals_ruined_temple
Shoals:3: nicolae_shoals_kraken_intersection
Shoals:4: shoals_end_hangedman, shoals_ilsuiw_alternative, serial_shops, shop,
          nicolae_shoals_this_corrosion
Spider:1: uniq_asterion
Spider:3: nicolae_spider_cling_ruins
Spider:4: spider_rune_water
Orc:1:    serial_shops, shop, uniq_josephine
Orc:2:    st_orc_town, basic_altar, lab_entry_generic, minmay_orc_keep,
          uniq_azrael
Lab:      lab_hedge
Sewer:    sewer_minmay_w
